 Dungeon Crawl Stone Soup version 0.27-a0-1090-gb115f176c6 (webtiles) character file.

Game seed: 5109098895207516188

169 rageheart7 the Ruffian (level 5, -2/36 HPs)
             Began as a Draconian Transmuter on Apr 27, 2021.
             Slain by a lorocyproca (8 damage)
             ... on level 1 of the Abyss.
             The game lasted 00:04:34 (2296 turns).

rageheart7 the Ruffian (Draconian Transmuter)       Turns: 2296, Time: 00:04:34

Health: -2/36      AC:  6    Str: 13    XL:     5   Next: 25%
Magic:  1/8        EV: 12    Int: 13    God:
Gold:   253        SH:  0    Dex: 12    Spells: 7/8 levels left

rFire    . . .     SeeInvis .   d - +2 short sword (elec)
rCold    . . .     Faith    .   (no shield)
rNeg     . . .     Spirit   .   (armour unavailable)
rPois    +         Reflect  .   (helmet restricted)
rElec    .         Harm     .   (no cloak)
rCorr    .         Rampage  .   j - +0 pair of gloves
Will     .....                  (no boots)
Stlth    +.........             (no amulet)
HPRegen  0.12/turn              e - ring of flight
MPRegen  0.11/turn              f - ring of poison resistance

@: flying
A: AC +5, unfitting armour, cold-blooded, [frail 2], [screaming 2]
a: no special abilities


You were on level 1 of the Abyss.
You visited 1 branch of the dungeon, and saw 4 of its levels.
You visited the Abyss 1 time.

You collected 253 gold pieces.

Inventory:

Hand Weapons
 d - a +2 short sword of electrocution (weapon)
Armour
 j - a +0 pair of gloves (worn)
Jewellery
 e - a ring of flight (left hand)
 f - a ring of poison resistance (right hand)
Scrolls
 a - a scroll of blinking {unknown}
 b - 2 scrolls of torment
 h - 2 scrolls of identify {unknown}
 i - a scroll of noise {unknown}
 l - a scroll of amnesia {unknown}
 m - a scroll of fog {unknown}
 n - a scroll of immolation {unknown}
 o - a scroll of fear
Potions
 c - a potion of haste
 g - a potion of lignification


   Skills:
 * Level 4.0 Fighting
 - Level 1.7 Dodging
 * Level 4.7 Unarmed Combat
 - Level 2.0 Spellcasting
 - Level 2.0 Transmutations


You had 7 spell levels left.
You knew the following spells:

 Your Spells              Type           Power      Damage    Failure   Level
a - Beastly Appendage     Tmut           12%        N/A       11%         1

Your spell library contained the following spells:

 Spells                   Type           Power      Damage    Failure   Level
 Wereblood                Tmut           6%         N/A       17%         2
 Spider Form              Tmut/Pois      1%         N/A       45%         3
 Ice Form                 Ice/Tmut       3%         N/A       86%         4
 Hydra Form               Tmut           3%         N/A       97%         5


Dungeon Overview and Level Annotations

Branches:
Dungeon (4/15)
 Temple: D:4-7

Altars:
Fedhas
Xom


Innate Abilities, Weirdness & Mutations

Your plain brown scales are hard. (AC +5)
You cannot fit into any form of body armour.
You are cold-blooded and may be slowed by cold attacks.
[You are very frail. (-20% HP)]
[You frequently scream uncontrollably at your foes.]


Message History

You are cast into the Abyss!
To return, you must find a gate leading back.
Killing monsters will force the Abyss to allow you passage.
This branch contains the abyssal rune of Zot.
Found 35 gold pieces.
Found a scroll labelled MEARHOVUHO and 12 gold pieces.
Your horns disappear.
Your talons disappear.
Key pressed, stopping explore.
Key pressed, stopping explore.
A wretched star comes into view.
A wretched star is nearby!
The wretched star pulses with an eldritch light!
You feel the urge to shout.
You feel a strong urge to scream.
You now have 198 gold pieces (gained 35).
Found a gateway leading deeper into the Abyss.
Found a corrupted altar of Lugonu.
There is a gateway leading deeper into the Abyss here.
The wretched star pulses with an eldritch light!
You feel frail. x2
Found a sedimented golden potion and 55 gold pieces.
There is a corrupted altar of Lugonu here.
The wretched star glows turbulently.
The lance of force misses you.
The wretched star glows turbulently.
The lance of force misses you.
You hear a chilling moan.
A small abomination comes into view.
A large abomination comes into view.
You scream at the large abomination!
You hear a roar!
You now have 253 gold pieces (gained 55).
Deactivating autopickup; reactivate with Ctrl-A.
You hit something.
Your tail-slap misses something.
Something hits you!
You feel your power leaking away.
The wretched star glows turbulently.
The lance of force hits you.
You are knocked back by the lance of force.
You slam into the stone wall!
* * * LOW HITPOINT WARNING * * *
Something hits you!
You die...

.# . #. ## X# ## #
#.##.# .#.# #....
##..# #..##@##
#x...# .## #.####
..###....#
!≈≈≈≈≈≈#≈#.#
≈≈≈≈≈≈≈♣####
≈≈≈≈≈≈≈≈...# .#.#♣
≈≈≈≈≈≈≈≈_#..#.#...
?$ ≈≈≈≈≈≈≈ ≈##.
#.. ... #


You could see a small abomination.

Vanquished Creatures
  A hound (D:3)
  Ijyb (D:3)
  An orc wizard (D:3)
  4 adders (D:3)
  A dart slug (D:3)
  2 orcs (D:3)
  5 endoplasms
  3 giant cockroaches
  3 goblins
  6 hobgoblins
  3 jackals (D:2)
  2 quokkas (D:1)
  4 ball pythons (D:1)
  3 frilled lizards
  8 kobolds
  4 rats
51 creatures vanquished.

Notes
Turn   | Place    | Note
-------+----------+-------------------------------------------
     0 | D:1      | rageheart7 the Draconian Transmuter began the quest for the
                  | Orb.
     0 | D:1      | Reached XP level 1. HP: 16/16 MP: 3/3
   356 | D:1      | Reached XP level 2. HP: 24/24 MP: 3/5
   771 | D:1      | Found a faded altar of an unknown god.
  1307 | D:2      | Reached XP level 3. HP: 28/30 MP: 6/6
  1400 | D:2      | Found a shimmering altar of Xom.
  1727 | D:3      | Noticed Ijyb
  1757 | D:3      | Killed Ijyb
  1764 | D:3      | Reached XP level 4. HP: 38/38 MP: 7/7
  1905 | D:3      | Found a blossoming altar of Fedhas.
  1926 | D:3      | You are sucked into a shaft and drop 1 floor!
  1934 | D:4      | Noticed a phantom
  1981 | D:3      | Found a shimmering altar of Xom.
  1987 | D:3      | Reached XP level 5. HP: 45/46 MP: 8/8
  2161 | D:3      | Cast into level 1 of the Abyss (orc)
  2267 | Abyss:1  | Noticed a wretched star
  2276 | Abyss:1  | Found a corrupted altar of Lugonu.
  2291 | Abyss:1  | Noticed a large abomination
  2296 | Abyss:1  | Slain by a lorocyproca

Illustrated notes

Levels and vault maps discovered:
D:1:      nzn_arrival_water_spiral, layout_basic,
          chequers_ecumenical_altar_grove
D:2:      layout_basic, basic_altar
D:3:      layout_rooms, grunt_dithmenos_smoke, fedhas_ov_isle_minmay,
          amcnicky_altar_gilded, chequers_temple_overflow_minitemple,
          minmay_misc_feat_rows, uniq_crazy_yiuf_cottage, uniq_ijyb
D:4:      layout_gridville, kennysheep_little_box, uniq_pikel
Abyss:1:  base:
D:3

Skill      XL: |  1  2  3  4  5 |
---------------+----------------+-----
Fighting       | 2 3 4 |  4.0
Unarmed Combat | 4 |  4.7
Dodging        | |  1.7
Spellcasting   | |  2.0
Transmutations | |  2.0

Action                   |  1- 3 |  4- 6 || total
-------------------------+-------+-------++-------
Melee: Short sword       |    46 |    41 ||    87
       Unarmed           |    17 |       ||    17
       Kick              |     3 |     3 ||     6
       Punch             |     1 |       ||     1
       Headbutt          |     2 |     4 ||     6
       Tailslap          |     2 |     5 ||     7
 Cast: Beastly Appendage |    18 |     8 ||    26
  Use: Scroll            |     4 |       ||     4
       Potion            |     4 |       ||     4
 Stab: Confused          |     3 |       ||     3
Armor: Skin              |    15 |    12 ||    27
Dodge: Dodged            |    32 |    33 ||    65

Table legend: (Time is in decaauts)
 A = Elapsed time spent in this place.
 B = Non-inter-level travel time spent in this place.
 C = Inter-level travel time spent in this place.
 D = Time resting spent in this place.
 E = Time spent auto-exploring this place.
 F = Levels seen in this place.
 G = Mean time per level.
                   A        B        C        D        E       F      G
               +--------+--------+--------+--------+--------+-----+--------+
         Total |   2286 |   2244 |     42 |      0 |   1888 |   5 |  457.2 |
       Dungeon |   2151 |   2109 |     42 |      0 |   1784 |   4 |  537.8 |
         Abyss |    134 |    134 |      0 |      0 |    104 |   1 |  134.0 |
               +--------+--------+--------+--------+--------+-----+--------+

Top non-repeatable levels by time:
     D:1: 1194 daAuts
     D:2: 525 daAuts
     D:3: 413 daAuts
 Abyss:1: 134 daAuts
     D:4: 18 daAuts
